 Dungeon Crawl Stone Soup version 0.27-b1-23-g44b8eac545 (webtiles) character file.

Game seed: 4030553165111917168

137 ZARRMARR the Insei (level 5, -10/37 HPs)
             Began as a Merfolk Transmuter on July 28, 2021.
             Was an Initiate of Hepliaklqana.
             Mangled by Blork the orc (16 damage)
             ... on level 4 of the Dungeon.
             The game lasted 00:29:29 (10026 turns).

ZARRMARR the Insei (Merfolk Transmuter)            Turns: 10026, Time: 00:29:30

Health: -10/37     AC:  5    Str: 17    XL:     5   Next: 20%
Magic:  6/9        EV: 12    Int: 13    God:    Hepliaklqana [......]
Gold:   110        SH:  0    Dex: 14    Spells: 6/9 levels left

rFire    . . .     SeeInvis .     - Unarmed
rCold    . . .     Faith    .   (no shield)
rNeg     . . .     Spirit   .   g - +2 leather armour {rPois}
rPois    +         Reflect  .   (helmet currently unavailable)
rElec    .         Harm     .   (no cloak)
rCorr    .         Rampage  .   (no gloves)
Will     .....                  (boots currently unavailable)
Stlth    ++........             (no amulet)
HPRegen  0.12/turn              e - +6 ring of strength
MPRegen  0.11/turn              (no ring)

@: appendages, very slightly contaminated
A: horns 2, (nimble swimmer 2), mertail
a: End Transformation, Renounce Religion


You were on level 4 of the Dungeon.
You worshipped Hepliaklqana.
Hepliaklqana was noncommittal.
You had temporarily grown beastly horns.
You visited 1 branch of the dungeon, and saw 4 of its levels.

You collected 110 gold pieces.

Inventory:

Missiles
 c - 65 stones
 h - 12 poisoned darts (quivered)
Armour
 a - a +0 robe
 g - a +2 leather armour of poison resistance (worn)
Jewellery
 e - a +6 ring of strength (left hand)
Wands
 b - a wand of iceblast (7)
Scrolls
 i - a scroll of acquirement {unknown}
 j - a scroll of enchant weapon {unknown}
 l - a scroll of identify {unknown}
Potions
 f - 2 potions of ambrosia {unknown}
 k - a potion of curing {unknown}


   Skills:
 + Level 1.2 Fighting
 + Level 1.0 Throwing
 + Level 3.3 Dodging
 + Level 1.8 Stealth
 + Level 4.3 Unarmed Combat
 + Level 2.7 Spellcasting
 + Level 3.9 Transmutations


You had 6 spell levels left.
You knew the following spells:

 Your Spells              Type           Power      Damage    Failure   Level
a - Beastly Appendage     Tmut           24%        N/A       6%          1
b - Wereblood             Tmut           12%        N/A       9%          2

Your spell library contained the following spells:

 Spells                   Type           Power      Damage    Failure   Level
 Spider Form              Tmut/Pois      3%         N/A       36%         3
 Ice Form                 Ice/Tmut       6%         N/A       78%         4


Dungeon Overview and Level Annotations

Branches:
Dungeon (4/15)
 Temple: D:4-7

Altars:
Hepliaklqana
Sif Muna

Annotations:
D:4 Blork the orc


Innate Abilities, Weirdness & Mutations

You have temporarily grown beastly horns.
((You are quick and stealthy near water. (Stealth+, EV+, Speed+++)))
Your lower body shifts to a powerful aquatic tail in water.


Message History

You hit the goblin.
You kill the goblin!
You start resting.
Magic restored.
You start waiting.
Your transformation is almost over.
You start waiting.
Your horns disappear.
Found 22 stones.
Things that are here:
a +0 dagger; a goblin corpse An endoplasm and Blork the orc come into view.
Blork the orc is wielding a +2 glaive of venom.
Blork the orc hits you from afar with a +2 glaive of venom!
Casting: Beastly Appendage (safe; 6% risk of failure)
Confirm with . or Enter, or press ? or * to list all spells.
You grow a pair of large bovine horns.
Blork the orc screams, "I'll eat your brain!
And then I'll vomit it back up!"
Blork the orc hits you from afar with a +2 glaive of venom.
Casting: Beastly Appendage (safe; 6% risk of failure)
Confirm with . or Enter, or press ? or * to list all spells.
You miscast Wereblood.
You are very lightly contaminated with residual magic.
Nothing appears to happen.
The endoplasm quivers.
Blork the orc closely misses you.
Blork the orc hits you with a +2 glaive of venom!
You hit the endoplasm.
The endoplasm is moderately wounded.
The endoplasm freezes you.
You are frozen.
Blork the orc casts a spell at you. The puff of flame hits you!
* * * LOW HITPOINT WARNING * * *
As you read the scroll of fear, it crumbles to dust.
You assume a fearsome visage.
The endoplasm looks frightened!
Blork the orc resists with some effort.
The endoplasm jiggles.
Blork the orc hits you with a +2 glaive of venom!
You die...

## .# .# ## .##
##..#####..## .
#...........##...
..♣..<).♣o......
#........@.J#
##[.#####..## ##
#(## #+#


You could see Blork the orc and an endoplasm (fleeing).

Vanquished Creatures
  Ijyb (D:3)
  5 adders
  3 dart slugs
  An orc (D:3)
  3 endoplasms
  5 giant cockroaches
  9 goblins
  4 hobgoblins
  3 jackals (D:1)
  4 kobolds
  2 quokkas
  4 ball pythons
  6 bats
  2 frilled lizards (D:1)
  7 rats
59 creatures vanquished.

Notes
Turn   | Place    | Note
-------+----------+-------------------------------------------
     0 | D:1      | ZARRMARR the Merfolk Transmuter began the quest for the
                  | Orb.
     0 | D:1      | Reached XP level 1. HP: 15/15 MP: 3/3
   445 | D:1      | Reached XP level 2. HP: 18/21 MP: 3/5
  3335 | D:1      | Reached XP level 3. HP: 23/26 MP: 4/6
  3997 | D:2      | Reached skill level 1 in Stealth
  4436 | D:2      | Reached skill level 4 in Unarmed Combat
  5236 | D:2      | Reached XP level 4. HP: 32/32 MP: 5/7
  6209 | D:3      | Noticed Ijyb
  6550 | D:2      | Learned a level 2 spell: Wereblood
  6577 | D:3      | Killed Ijyb
  7581 | D:3      | Found a faded altar of an unknown god.
  8228 | D:3      | Reached XP level 5. HP: 37/37 MP: 8/8
  9293 | D:3      | Found a shimmering blue altar of Sif Muna.
  9293 | D:3      | Found a hazy altar of Hepliaklqana.
  9307 | D:3      | Became a worshipper of Hepliaklqana the Forgotten
  9515 | D:3      | Reached skill level 1 in Throwing
 10021 | D:4      | Noticed Blork the orc
 10026 | D:4      | Mangled by Blork the orc

Illustrated notes

Levels and vault maps discovered:
D:1:      dpeg_arrival_houses_and_road, layout_basic
D:2:      layout_rooms
D:3:      layout_basic, gammafunk_temple_overflow_statue,
          hellmonk_ecumenical_altar_run_dry, uniq_ijyb
D:4:      layout_rooms, mainiacjoe_overflow_surrounded_room, serial_shops,
          nicolae_shop_behind_doors, grunt_ministairs_15,
          uniq_crazy_yiuf_cottage, uniq_pikel, uniq_blork_the_orc

Skill      XL: |  1  2  3  4  5 |
---------------+----------------+-----
Transmutations | 3 |  3.9
Dodging        | 3 |  3.3
Stealth        | 1 |  1.8
Unarmed Combat | 4 |  4.3
Throwing       | 1 |  1.0
Fighting       | |  1.2
Spellcasting   | |  2.7

Action                   |  1- 3 |  4- 6 || total
-------------------------+-------+-------++-------
Melee: Unarmed           |    86 |    75 ||   161
       Headbutt          |    12 |     9 ||    21
 Fire: Hunting sling     |     1 |       ||     1
Throw: Stone             |    20 |    29 ||    49
       Dart              |       |    24 ||    24
 Cast: Beastly Appendage |    24 |    20 ||    44
       Wereblood         |       |     4 ||     4
  Use: Scroll            |       |     4 ||     4
 Stab: Sleeping          |     1 |       ||     1
Armor: Robe              |     5 |     7 ||    12
       Leather armour    |       |     6 ||     6
Dodge: Dodged            |    33 |    56 ||    89
